 Dungeon Sprint DCSS version 0.31-a0-83-gbff143cfd1 (webtiles) character file.

Game seed: 12818387324386021009

177 fozzywoppz the Trooper (level 5, -14/47 HPs)
             Began as a Demonspawn Fighter on May 24, 2023.
             Killed from afar by a deep elf pyromancer (37 damage)
             ... with a bolt of fire
             ... in the Dungeon (Sprint III: "The Ten Rune Challenge").
             The game lasted 00:01:57 (370 turns).

fozzywoppz the Trooper (Demonspawn Fighter)          Turns: 370, Time: 00:01:58

Health: -14/47     AC:  7    Str: 18    XL:     5   Next: 30%
Magic:  5/5        EV:  9    Int:  9    God:
Gold:   61         SH:  5    Dex: 13    Spells: 4/4 levels left

rFire   . . .        a - +0 flail
rCold   . . .        c - +0 buckler
rNeg    . . .        b - +0 scale mail
rPois   .            (no helmet)
rElec   .            (no cloak)
rCorr   .            (no gloves)
SInv    .            (no boots)
Will    .....        (no amulet) Stlth
                     (no ring)
HPRegen 0.27/turn    (no ring)
MPRegen 0.09/turn

%: no teleportation
@: mighty
A: powered by pain 1, spiny 1
a: no special abilities


You were in the Dungeon.
You visited 1 branch You collected 61 gold pieces.

Inventory:

Hand Weapons
 a - a +0 flail (weapon)
Armour
 b - a +0 scale mail (worn)
 c - a +0 buckler (worn)
Scrolls
 i - a scroll of immolation {unknown}
 j - a scroll of blinking
 k - a scroll of enchant armour {unknown}
 l - a scroll of torment {unknown}
 m - a scroll of identify {unknown}
Potions
 e - 2 potions of curing
 g - a potion of haste
 h - 3 potions of magic
 n - 2 potions of enlightenment
 o - 5 potions of mutation


   Skills:
 + Level 6.6 Fighting
 + Level 6.1 Maces & Flails
 - Level 5.0 Armour
 - Level 5.0 Shields


You had 4 spell levels left.
You didn't know any spells.
Your spell library contained the following spells:

 Spells                   Type           Power      Damage    Failure   Level
 Ensorcelled Hibernation  Hex/Ice        0%         N/A       92%         2
 Spider Form              Tmut/Pois      0%         N/A       99%         3
 Anguish                  Hex/Necr       0%         N/A       100%        4


Dungeon Overview and Level Annotations

Branches:
Dungeon (1/1)

Altars:
Kikubaaqudgha
Sif Muna
Vehumet


Innate Abilities, Weirdness & Mutations

You sometimes gain a little power by taking damage.
You are partially covered in sharp spines.


Message History

Okay, then.
You open the door.
Found three altars.
A deep elf pyromancer comes into view.
It is wielding a +2 long sword of holy wrath.
Found a potion of curing.
There is an open door here.
You closely miss the deep elf pyromancer.
The deep elf pyromancer is struck by your spines.
The deep elf pyromancer hits you with a +2 long sword of holy wrath.
You convulse!
You sock the deep elf pyromancer!
The deep elf pyromancer is moderately wounded.
The deep elf pyromancer is struck by your spines.
The deep elf pyromancer hits you with a +2 long sword of holy wrath.
You convulse.
You hit the deep elf pyromancer.
The deep elf pyromancer is heavily wounded.
The deep elf pyromancer is struck by your spines.
The deep elf pyromancer hits you with a +2 long sword of holy wrath!
You focus on the pain.
You feel very mighty all of a sudden.
You convulse!
* * * LOW HITPOINT WARNING * * *
You sock the deep elf pyromancer!
The deep elf pyromancer is almost dead.
The deep elf pyromancer hits you with a +2 long sword of holy wrath.
* * * LOW HITPOINT WARNING * * *
You convulse!
* * * LOW HITPOINT WARNING * * *
Unknown command.
You feel much better.
The deep elf pyromancer is struck by your spines.
The deep elf pyromancer hits you with a +2 long sword of holy wrath.
You convulse.
You closely miss the deep elf pyromancer.
The deep elf pyromancer is almost dead.
The deep elf pyromancer casts a spell at you.
The bolt of fire hits you!!!
Ouch! That really hurt!
You die...

▓▓▓▓ ▓▓▓ ...####
##.#####
......#####..#___#
....†..#..#..#!e.#
#.##...#..#..###@#+###+#
#.###..##'#..#..........
##.##..###...'.⌠........
..##..####...#...######+
..##..###....#.⌠.#
.##...##.....#...#
##....#......#)###
##..##†#.....#...#
#..#####....#___#


You could see a deep elf pyromancer.

Vanquished Creatures
  A water elemental (D)
  A scorpion (D)
  A wizard (D)
  A human (D)
  A kobold demonologist (D)
  An endoplasm (D)
  3 rats (D)
9 creatures vanquished.

Notes
Turn   | Place    | Note
-------+----------+-------------------------------------------
     0 | D        | fozzywoppz the Demonspawn Fighter began the quest for the
                  | Orb.
     0 | D        | Reached XP level 1. HP: 18/18 MP: 1/1
    68 | D        | Gained mutation: You sometimes gain a little power by
                  | taking damage. [demonic ancestry]
    68 | D        | Reached XP level 2. HP: 4/25 MP: 2/2
   151 | D        | Noticed a scorpion
   161 | D        | Killed a scorpion
   162 | D        | Reached XP level 3. HP: 29/32 MP: 3/3
   162 | D        | Reached XP level 4. HP: 35/38 MP: 4/4
   189 | D        | Noticed a water elemental
   200 | D        | Killed a water elemental
   201 | D        | Reached skill level 5 in Fighting
   201 | D        | Reached skill level 5 in Maces & Flails
   201 | D        | Reached skill level 5 in Armour
   201 | D        | Reached skill level 5 in Shields
   206 | D        | Found a radiant altar of Vehumet.
   206 | D        | Found a shimmering blue altar of Sif Muna.
   206 | D        | Found an ancient bone altar of Kikubaaqudgha.
   206 | D        | Noticed a wizard
   208 | D        | Killed a wizard
   209 | D        | Gained mutation: You are partially covered in sharp spines.
                  | [demonic ancestry]
   209 | D        | Reached XP level 5. HP: 18/46 MP: 5/5
   211 | D        | Noticed a chaos spawn
   364 | D        | Noticed a deep elf pyromancer
   368 | D        | HP: 1/47 [deep elf pyromancer/+2 long sword of holy wrath
                  | (7)]
   370 | D        | Killed from afar by a deep elf pyromancer

Illustrated notes

Levels and vault maps discovered:
D:        dungeon_sprint_mu [sprint_mu_entry_cave, sprint_mu_temple_rooms,
          sprint_mu_d1_spiders, sprint_mu_d2_genie, sprint_mu_d3_branching,
          sprint_mu_orc_legion, sprint_mu_elf_gauntlet, sprint_mu_hive_nellie,
          sprint_mu_lair_fedhas, sprint_mu_vaults_butterflies,
          sprint_mu_slime_circle, sprint_mu_swamp_cave, sprint_mu_snake_twists,
          sprint_mu_blade_basic, sprint_mu_crypt_fortress,
          sprint_mu_tomb_spiral, sprint_mu_vestibule_basic,
          sprint_mu_gehenna_hellfire, sprint_mu_dis_giant,
          sprint_mu_tartarus_statrot, sprint_mu_cocytus_islands, sprint_mu_zot1]

Skill      XL: |  1  2  3  4  5 |
---------------+----------------+-----
Maces & Flails | 3 4 5 6 |  6.1
Armour         | 3 4 5 |  5.0
Shields        | 3 4 5 |  5.0
Fighting       | 4 6 |  6.6

Action                     |  1- 3 |  4- 6 || total
---------------------------+-------+-------++-------
  Melee: Flail             |    26 |    21 ||    47
    Use: Potion            |     1 |     2 ||     3
 Armour: Scale mail        |     7 |     5 ||    12
  Dodge: Dodged            |     8 |     8 ||    16
  Block: Buckler           |     6 |     1 ||     7

Table legend: (Time is in decaauts)
 A = Elapsed time spent in this place.
 B = Non-inter-level travel time spent in this place.
 C = Inter-level travel time spent in this place.
 D = Time resting spent in this place.
 E = Time spent auto-exploring this place.
 F = Levels seen in this place.
 G = Mean time per level.
                   A        B        C        D        E       F      G
               +--------+--------+--------+--------+--------+-----+--------+
         Total |    388 |    388 |      0 |    228 |      0 |   1 |  388.0 |
       Dungeon |    388 |    388 |      0 |    228 |      0 |   1 |  388.0 |
               +--------+--------+--------+--------+--------+-----+--------+

Top non-repeatable levels by time:
       D: 388 daAuts
